[Event "*** Titled Tuesday Blitz"]
[Site "Chess.com"]
[Date "2020.01.07"]
[Round "7"]
[White "Playgood28"]
[Black "Moon_stone123"]
[Result "0-1"]
[WhiteElo "2241"]
[BlackElo "2107"]
[TimeControl "180+2"]
[EndTime "14:37:15 PST"]
[Termination "Moon_stone123 won on time"]

1. d4 Nf6 2. c4 g6 3. Nc3 Bg7 4. Nf3 O-O 5. Bf4 c5 6. d5 d6 7. h3 Bf5 8. g4 Be4 9. Bg2 Bxf3 10. Bxf3 Nfd7 11. e3 Na6 12. O-O Nc7 13. Rc1 a6 14. e4 b5 15. b3 Rb8 16. Be2 Ne5 17. Be3 bxc4 18. bxc4 Nd7 19. f4 Rb2 20. Rc2 Qb8 21. Qd3 Qb4 22. Rfc1 Rb8 23. e5 Rxc2 24. Rxc2 dxe5 25.
d6 Ne8 26. dxe7 exf4 27. Bxf4 Bd4+ 28. Kg2 Rc8 29. Nd5 Qb7 30. Bf3 Qa7 31. Bd2 Ndf6 32. Bc3 Nxd5 33. Bxd5 Bxc3 34. Qxc3 Qxe7 35. Rf2 Nd6 36. Qf3 Rf8 37. Re2 Qg5 38. Qf2 h5 39. Qxc5 Nc8 40. Qe3 Qh4 41. Qh6 Nb6 42. Qxg6+ Kh8 43.
Qxb6 hxg4 0-1

[Event "*** Titled Tuesday Blitz"]
[Site "Chess.com"]
[Date "2020.01.07"]
[Round "7"]
[White "2nd_life"]
[Black "crazy_machine"]
[Result "1-0"]
[WhiteElo "2524"]
[BlackElo "2636"]
[TimeControl "180+2"]
[EndTime "14:37:18 PST"]
[Termination "2nd_life won on time"]

1. e4 c6 2. d4 d5 3. e5 Bf5 4. h4 Qb6 5. g4 Bd7 6. h5 e6 7. c3 c5 8. f4 Nc6 9. Nf3 Rc8 10. Na3 cxd4 11. cxd4 Bb4+ 12. Kf2 Nh6 13. Kg3 f5 14. g5 Ng4 15. Nb5 Ncxe5 16. fxe5 Bxb5 17. Qb3 Bxf1 18. Rxf1 O-O 19. Bf4 Rc4 20. Rac1 Rfc8 21. Rxc4 dxc4 22.
Qa4 Qc6 23. Qxc6 Rxc6 24. Rc1 c3 25. bxc3 Rxc3 26. Rb1 a5 27. g6 hxg6 28. hxg6 Kf8 29. Bd2 Rc4 30. Bxb4+ axb4 31. Rh1 Nh6 32. Kf4 Ke7 33. Kg5 Rc3 34. Kf4 Rc4 35. Kg5 Rc2 36.
Rb1 Rg2+ 37. Kf4 Rxa2 38. Rxb4 Ra7 39. Rb6 Ng4 40. Ng5 Nf2 41. Rxe6+ Kd7 42. Rd6+ Ke7 43.
Rb6 Kd7 44. Kxf5 Kc7 45. Rb2 Nd3 46. Rc2+ Kd7 47. e6+ 1-0

[Event "*** Titled Tuesday Blitz"]
[Site "Chess.com"]
[Date "2020.01.07"]
[Round "7"]
[White "Sneakiest_Of_Snakes"]
[Black "Roenko_Artur"]
[Result "1-0"]
[WhiteElo "2134"]
[BlackElo "2238"]
[TimeControl "180+2"]
[EndTime "14:37:18 PST"]
[Termination "Sneakiest_Of_Snakes won by resignation"]

1. e4 e6 2. d4 d5 3. Nc3 Bb4 4. e5 c5 5. a3 Bxc3+ 6. bxc3 Qc7 7. Qg4 cxd4 8. Ne2 Qxe5 9. cxd4 Qf6 10. Bg5 Qf5 11.
Qxf5 exf5 12. Nc3 Be6 13. Bd3 f6 14. Bf4 Ne7 15. O-O Kf7 16. Rfe1 Nbc6 17. Nb5 g5 18. Bd2 Rad8 19. Nc7 Rd6 20. c4 Nxd4 21. Bb4 Rc6 22.
Nxe6 Rxe6 23. cxd5 Nxd5 24. Bc4 Rd8 25. Rad1 Rxe1+ 26. Bxe1 Ke6 27. Rxd4 Ke5 28. Rxd5+ Rxd5 29. Bxd5 Kxd5 30.
Kf1 Kc4 31. Ke2 b6 32. Bb4 a5 33. Be7 Kb3 34. Kd3 b5 35. Kd2 f4 36. Kc1 g4 37.
Kb1 f5 38. Bd6 f3 39. g3 b4 40. axb4 axb4 41. Kc1 Kc3 42. Kd1 b3 43. Kc1 Kd3 44.
Kb2 Kc4 45. Be5 h5 46. Bf6 Kb4 47. Be7+ Kc4 48. Bd6 Kd5 49. Bf8 Kc4 50. Be7 Kd3 51. Kxb3 Ke2 52. Bc5 Kf1 53. Kc4 Kg2 54. Kd5 Kxh2 55.
Ke5 h4 56. gxh4 g3 57. fxg3 Kxg3 58. h5 1-0

[Event "*** Titled Tuesday Blitz"]
[Site "Chess.com"]
[Date "2020.01.07"]
[Round "7"]
[White "j2806"]
[Black "Alopekos"]
[Result "0-1"]
[WhiteElo "1867"]
[BlackElo "2418"]
[TimeControl "180+2"]
[EndTime "14:37:19 PST"]
[Termination "Alopekos won by resignation"]

1. e4 c5 2. Nf3 e6 3. c3 Nf6 4. e5 Nd5 5. d4 cxd4 6. cxd4 d6 7. Bc4 Nc6 8. O-O Be7 9. Nbd2 O-O 10. Ne4 dxe5 11.
dxe5 Qc7 12. Bxd5 exd5 13. Qxd5 Be6 14. Qb5 a6 15. Qe2 Nxe5 16. Nxe5 Qxe5 17. Re1 Rfd8 18. Nc3 Qxe2 19. Rxe2 Bf6 20. Bd2 Bc4 21. Re4 Rxd2 22. Rxc4 Rxb2 23. Ne4 Be5 24. Rac1 g6 25. g3 Rxa2 26.
Nc5 b5 27. Re4 Ra1 28. Rxa1 Bxa1 29. Re2 Bd4 30. Nb3 Bc3 31. Ra2 a5 32. Rc2 Bb4 33. Ra2 a4 34. Nd4 Bc5 35. Nxb5 Rb8 36. Nc3 a3 37. Kg2 Rb3 38. Nd1 Kf8 39. Kf1 Ke7 40.
Ke2 h5 41. Kd2 h4 42. gxh4 Rh3 43.
Nc3 Rxh2 44. Kd3 Rxf2 45. Rxf2 Bxf2 46. Kc2 Bxh4 47. Kb3 Bf6 48. Nd5+ Ke6 49. Nxf6 Kxf6 50. Kxa3 Ke5 51. Kb3 Ke4 52. Kc3 Ke3 53. Kc2 Ke2 54. Kc3 f5 55. Kd4 f4 56. Ke4 f3 57. Ke5 f2 58. Kf6 f1=Q+ 0-1

[Event "*** Titled Tuesday Blitz"]
[Site "Chess.com"]
[Date "2020.01.07"]
[Round "7"]
[White "Irishchessman16"]
[Black "Jbd735"]
[Result "0-1"]
[WhiteElo "2223"]
[BlackElo "2475"]
[TimeControl "180+2"]
[EndTime "14:37:21 PST"]
[Termination "Jbd735 won by resignation"]

1. d4 d5 2. c4 e6 3. Nc3 c6 4. e4 dxe4 5. Nxe4 Bb4+ 6. Nc3 c5 7. a3 Ba5 8. Be3 cxd4 9. Qxd4 Qxd4 10. Bxd4 Nf6 11.
b4 Bd8 12. Nf3 Nc6 13. Be3 Ng4 14. Bd2 Bf6 15. h3 Nge5 16. Nxe5 Bxe5 17. f4 Bd4 18.
O-O-O O-O 19. Nb5 Bf6 20. Bc3 a5 21. Bxf6 gxf6 22. Nd4 axb4 23. Nxc6 bxc6 24. axb4 Ra4 25.
b5 cxb5 26. cxb5 Bb7 27. Bd3 Rxf4 28. Rhf1 Rc8+ 29. Kd2 Rxf1 30. Rxf1 f5 31. g4 fxg4 32. hxg4 h6 33. Rg1 Kg7 34. Ra1 Re8 35. Ra7 Bd5 36. Rd7 Rb8 37. Kc3 Kf6 38. Kd4 Bf3 39. Kc5 Bxg4 40. b6 Bf3 41. Bb5 e5 42. Bc6 Rc8 43. Rc7 Rxc7 44. bxc7 Bg4 45. Kd6 Bc8 46.
Bd7 Ba6 47. Kc6 Ke7 48. Bh3 e4 49. Kb6 Kd6 50. Kxa6 Kxc7 51. Bf5 e3 52. Bg4 f5 53. Be2 Kc6 54. Ka5 Kc5 55. Ka4 Kd4 56. Kb3 Ke4 57.
Kc3 f4 58. Kc2 f3 59. Ba6 h5 60. Kd1 h4 61. Bc8 Kf4 62. Ke1 Kg3 63. Kf1 h3 0-1

[Event "*** Titled Tuesday Blitz"]
[Site "Chess.com"]
[Date "2020.01.07"]
[Round "7"]
[White "letantha"]
[Black "hazy13"]
[Result "0-1"]
[WhiteElo "1788"]
[BlackElo "2209"]
[TimeControl "180+2"]
[EndTime "14:37:23 PST"]
[Termination "hazy13 won on time"]

1. e4 c5 2. c3 Nf6 3. e5 Nd5 4. Nf3 Nc6 5. Bc4 Nb6 6. Bb3 g6 7. O-O Bg7 8. Re1 O-O 9. Qe2 d5 10.
h3 c4 11. Bc2 d4 12. cxd4 Nxd4 13. Nxd4 Qxd4 14. Nc3 Be6 15. Qe3 Qd7 16. d4 Rfd8 17. Ne2 Nd5 18. Qg3 Nb4 19. Be4 Bd5 20. Nc3 Bxe4 21.
Rxe4 Nc2 22. Rb1 Nxd4 23. Bf4 Qc6 24. Rbe1 Nf5 25. Qf3 Rd3 26. Qe2 Rad8 27. Bc1 e6 28. a3 a6 29. Qf1 b5 30. Qe2 a5 31. Nb1 b4 32. axb4 axb4 33. Bd2 c3 34. bxc3 bxc3 35.
Bxc3 Rxc3 36. Nxc3 Qxc3 37. Rc4 Qa5 38. Re4 h5 39. h4 Rd5 40. g3 Nd4 41. Qd1 Nf5 42.
Qe2 Qd8 43. Kg2 Rd2 44. Qf3 Qd3 45. Qxd3 Rxd3 46. Rb1 Rd5 47. Rbe1 Nd4 48. Rd1 Nc6 49. Rxd5 exd5 0-1

[Event "*** Titled Tuesday Blitz"]
[Site "Chess.com"]
[Date "2020.01.07"]
[Round "7"]
[White "BilodeauA"]
[Black "Konavets"]
[Result "0-1"]
[WhiteElo "2823"]
[BlackElo "2989"]
[TimeControl "180+2"]
[EndTime "14:37:27 PST"]
[Termination "Konavets won by resignation"]

1. e4 e5 2. Nf3 Nc6 3. Bc4 Bc5 4. O-O Nf6 5. d3 d6 6. c3 O-O 7. h3 h6 8. Re1 a5 9. Nbd2 Be6 10. Bb5 Qb8 11. Nf1 Qa7 12. d4 exd4 13. Bxc6 dxc3 14. Ba4 Bxf2+ 15. Kh2 Bxe1 16. Qxe1 d5 17. Be3 c5 18. e5 Ne4 19. bxc3 f5 20. Rb1 b6 21. Bc2 Rae8 22.
Bc1 Qc7 23. c4 d4 24. Bxe4 fxe4 25. Qxe4 Bxc4 26. Ng3 Bxa2 27. Rb2 Be6 28. Qg6 Qf7 29. Qxf7+ Rxf7 30. Rxb6 Bd5 31. Nh4 Rxe5 32. Ng6 Re8 33. Rb5 Rf2 34. Nf4 Ba8 35. Rxc5 d3 36. Ngh5 Rc2 37.
Rxa5 Rxc1 38. Ra7 Be4 39. Rxg7+ Kf8 40. Rd7 Rc6 41. Kg3 Re7 42. Rd8+ Kf7 43. Kf2 Rc2+ 44. Kg3 d2 45. Rd4 Rc3+ 46. Kf2 Rc2 47. Ke2 Bg6+ 48. Kf3 Bxh5+ 49. Nxh5 Re1 0-1

[Event "*** Titled Tuesday Blitz"]
[Site "Chess.com"]
[Date "2020.01.07"]
[Round "7"]
[White "lupta_robin"]
[Black "ChessSkool"]
[Result "1/2-1/2"]
[WhiteElo "2541"]
[BlackElo "2679"]
[TimeControl "180+2"]
[EndTime "14:37:27 PST"]
[Termination "Game drawn by repetition"]

1. b3 d5 2. Bb2 Bf5 3. Nf3 e6 4.
e3 Nf6 5. c4 Be7 6. Nc3 O-O 7.
d4 Ne4 8. Nxe4 Bxe4 9. Nd2 Bg6 10. Be2 Nd7 11. O-O c6 12. Bh5 Bd6 13. g3 Nf6 14.
Bxg6 hxg6 15. Qc2 Bb4 16. Bc3 Bxc3 17. Qxc3 Qd6 18. b4 g5 19. Rfc1 g4 20. b5 Rac8 21.
cxd5 Nxd5 22. Qb3 cxb5 23. Qxb5 b6 24. Qb3 Rc7 25. Nc4 Qe7 26. Ne5 Nf6 27. Rc2 Rfc8 28. Rac1 g6 29. a4 Kg7 30. Kg2 Qd6 31. h3 gxh3+ 32. Kxh3 Rxc2 33. Rxc2 Rxc2 34. Qxc2 Qd5 35. f3 Nd7 36. Nxd7 Qxd7 37. Kg2 Qd5 38. Qb2 g5 39. g4 Kg6 40. e4 Qa5 41. Qa2 Qc3 42. d5 Kf6 43. dxe6 fxe6 44. Kg3 Qe5+ 45. Kg2 Qc3 46. Kg3 Qe1+ 47. Kg2 Qc3 1/2-1/2

[Event "*** Titled Tuesday Blitz"]
[Site "Chess.com"]
[Date "2020.01.07"]
[Round "7"]
[White "Kumi29"]
[Black "Everyfishknows"]
[Result "1-0"]
[WhiteElo "2496"]
[BlackElo "2333"]
[TimeControl "180+2"]
[EndTime "14:37:27 PST"]
[Termination "Kumi29 won by checkmate"]

1. d4 Nf6 2. Bg5 Ne4 3. h4 d5 4. Nd2 Nxd2 5. Qxd2 Bf5 6. f3 h6 7. Bf4 e6 8. g4 Bh7 9. e3 Bd6 10. Ne2 Bxf4 11. Nxf4 Nd7 12. Bd3 Bxd3 13. Qxd3 Qe7 14. O-O-O O-O-O 15. e4 dxe4 16. fxe4 Kb8 17. Qc3 Nf6 18. Qf3 e5 19. dxe5 Qxe5 20. Rxd8+ Rxd8 21. Re1 a6 22. a3 Rd4 23. Nd3 Qe6 24. g5 hxg5 25.
hxg5 Rxe4 26. Rh1 Nd7 27. Rh8+ Ka7 28. Rd8 Qd5 29. Rxd7 Qxg5+ 30. Kb1 Rg4 31. Rxc7 Rg1+ 32. Ka2 Qb5 33. Qf2+ Qb6 34. Rxf7 Qxf2 35. Rxf2 g5 36. Kb3 g4 37. Rf6 g3 38. Rg6 g2 39. Nf4 Rf1 40. Nxg2 Rf2 41. Ne3 Rf3 42. Re6 Kb8 43. Kc3 Kc7 44.
Kd3 Kd7 45. Rh6 Rf2 46. b3 Kc7 47. a4 Rf3 48. Rg6 Rf2 49. c3 Rb2 50. b4 b6 51.
Nd5+ Kb7 52. Rxb6+ Ka7 53. Rh6 Rb1 54. Rh7+ Kb8 55.
Kc4 Rg1 56. Kc5 Ka8 57. Nc7+ Kb7 58. Nxa6+ Kxa6 59. b5+ Ka5 60. Ra7# 1-0

[Event "*** Titled Tuesday Blitz"]
[Site "Chess.com"]
[Date "2020.01.07"]
[Round "7"]
[White "PotapovaM"]
[Black "ITheOnlyME"]
[Result "1-0"]
[WhiteElo "2506"]
[BlackElo "2323"]
[TimeControl "180+2"]
[EndTime "14:37:28 PST"]
[Termination "PotapovaM won on time"]

1. d4 d6 2. e4 Nf6 3. Nc3 g6 4. Bg5 Bg7 5. e5 Nfd7 6. exd6 cxd6 7. Qd2 h6 8. Be3 b6 9. Nf3 Bb7 10. Bc4 Nf6 11. O-O-O Nbd7 12. Bb3 Rc8 13. Kb1 a6 14.
h4 b5 15. a3 a5 16. Nxb5 Ne4 17. Qe2 O-O 18. Nd2 Nxd2+ 19. Qxd2 h5 20. f3 Nb6 21. Qd3 a4 22. Ba2 d5 23. g4 Ba6 24. gxh5 Qd7 25. hxg6 Qxb5 26. gxf7+ Rxf7 27. Qg6 Nc4 28. Bxc4 dxc4 29. Ka1 c3 30. Rb1 Qc6 31. Qg5 cxb2+ 32. Rxb2 Qd6 33. h5 Qxa3+ 34. Kb1 Kh8 35. h6 Bf6 36.
Qg6 Rh7 37. Bc1 Qd6 38. Rg1 a3 39. Rb3 Rb8 40. Ka2 Qe6 41. Bf4 Rxb3 42. cxb3 Bb5 43.
Qc2 Bxd4 44. Rd1 Qe2 45. Rd2 1-0

[Event "*** Titled Tuesday Blitz"]
[Site "Chess.com"]
[Date "2020.01.07"]
[Round "7"]
[White "allvim"]
[Black "Perecke"]
[Result "1-0"]
[WhiteElo "2353"]
[BlackElo "2166"]
[TimeControl "180+2"]
[EndTime "14:37:28 PST"]
[Termination "allvim won by resignation"]

1. e4 c5 2. Nf3 e6 3. b3 Nf6 4. d3 Be7 5. Be2 O-O 6. O-O d5 7. exd5 exd5 8. Bb2 Nc6 9. Nbd2 d4 10. c3 dxc3 11.
Bxc3 Nd5 12. Bb2 Bf6 13. Bxf6 Qxf6 14. Ne4 Qe7 15. Rc1 b6 16. Re1 Bg4 17. h3 Bh5 18.
Ng3 Bg6 19. d4 Rfd8 20. Ba6 Qc7 21. dxc5 Nc3 22. Re8+ Rxe8 23. Rxc3 bxc5 24. Bc4 Rad8 25. Qc1 Nd4 26. Nxd4 cxd4 27. Rf3 Kh8 28. h4 d3 29.
Qd2 Qe5 30. Re3 Qa1+ 31. Kh2 Rxe3 32. fxe3 Qb1 33. h5 Qc2 34. Qa5 Rf8 35. hxg6 d2 36.
Qb4 hxg6 37. Qxf8+ Kh7 38. Bxf7 d1=Q 39. Bg8+ Kh6 40. Qf4+ g5 41. Nf5+ Kh5 42. Bf7+ g6 43.
Ng3+ Kh6 44. Qf6 Qh5+ 45. Nxh5 Kxh5 46. Bxg6+ Kg4 47. Bxc2 1-0

[Event "*** Titled Tuesday Blitz"]
[Site "Chess.com"]
[Date "2020.01.07"]
[Round "7"]
[White "aquaticpineapples"]
[Black "luis-garcia"]
[Result "1-0"]
[WhiteElo "2348"]
[BlackElo "2136"]
[TimeControl "180+2"]
[EndTime "14:37:31 PST"]
[Termination "aquaticpineapples won by resignation"]

1. d4 d5 2. Nf3 Nf6 3. e3 e6 4.
Bd3 c5 5. b3 Be7 6. Bb2 O-O 7.
Nbd2 Nc6 8. a3 a6 9. Ne5 Nd7 10. Qh5 g6 11. Qh6 Bg5 12. Qh3 cxd4 13. exd4 Ndxe5 14. dxe5 Bf4 15. Nf3 Qc7 16. O-O Nxe5 17. Nd4 Nxd3 18.
Qxd3 Bxh2+ 19. Kh1 Be5 20. Rfe1 Bg7 21. Rad1 Qf4 22. g3 Qg5 23. Kg2 Bd7 24. Nf3 Qd8 25. Ne5 Qc7 26. f4 Rac8 27. c4 Bc6 28. c5 b6 29. Bd4 Bb5 30. Qe3 bxc5 31. Rc1 Qb7 32. Bxc5 Rfe8 33. Qd4 Bc6 34. Kh2 Qxb3 35. Rb1 Bxe5 36.
Rxb3 Bxd4 37. Bxd4 Rb8 38. Rc3 Bd7 39. Rec1 Rec8 40. Be5 Rxc3 41. Rxc3 Rc8 42. Rb3 h5 43. Rb7 Be8 44. Rb6 Bb5 45. Rb7 Be8 46. Bf6 Bb5 47.
Kg2 Be8 48. Kf3 Rc2 49. Rb8 Kh7 50. Rxe8 g5 51. fxg5 Kg6 52. Rf8 Ra2 53. Be7 a5 54. Ra8 d4 55. Rxa5 e5 56. Rxe5 d3 57. Rd5 Rd2 58. Ke3 Rg2 59. Bd6 f6 60. gxf6 h4 61.
gxh4 Kxf6 62. Kxd3 Rg4 63. Rd4 Rg3+ 64. Bxg3 1-0

[Event "*** Titled Tuesday Blitz"]
[Site "Chess.com"]
[Date "2020.01.07"]
[Round "7"]
[White "JonahWillow"]
[Black "viktorskliarov"]
[Result "0-1"]
[WhiteElo "2774"]
[BlackElo "2619"]
[TimeControl "180+2"]
[EndTime "14:37:32 PST"]
[Termination "viktorskliarov won by resignation"]

1. e4 c5 2. Nf3 Nc6 3. d4 cxd4 4.
Nxd4 Nf6 5. Nc3 e5 6. Ndb5 d6 7.
Bg5 a6 8. Na3 b5 9. Nd5 Be7 10.
Bxf6 Bxf6 11. c4 b4 12. Nc2 a5 13. g3 Bg5 14. Bg2 O-O 15. O-O Be6 16. b3 Ne7 17. a3 Bxd5 18. exd5 Qb6 19. a4 f5 20. Kh1 Bf6 21. Ra2 e4 22. Ne3 Bd4 23. Re2 Rae8 24. Nc2 Be5 25. Ne3 Qc5 26. Nc2 g6 27. Qd2 Nc8 28. Qg5 Kg7 29. h4 Nb6 30. Ne3 Nd7 31. h5 Qc8 32. Bh3 Nc5 33. Rb1 Qd8 34. Qxd8 Rxd8 35. Nf1 Kf6 36. Nd2 Bc3 37. Nf1 Rde8 38. Bg2 gxh5 39. Bh3 Rg8 40. Ne3 Rg5 41. Ng2 Be5 42. Re3 Rf8 43. Rf1 Bd4 44. Re2 Nxb3 45. f3 Rxg3 46. Bxf5 Kxf5 47. fxe4+ Ke5 0-1

[Event "*** Titled Tuesday Blitz"]
[Site "Chess.com"]
[Date "2020.01.07"]
[Round "7"]
[White "platy3"]
[Black "VincentKeymer"]
[Result "1-0"]
[WhiteElo "2904"]
[BlackElo "2702"]
[TimeControl "180+2"]
[EndTime "14:37:39 PST"]
[Termination "platy3 won by resignation"]

1. e4 c5 2. Nf3 e6 3. d4 cxd4 4. Nxd4 a6 5. c4 Nf6 6. Nc3 Qc7 7. Be2 Bb4 8. Nc2 Bxc3+ 9. bxc3 d6 10. f3 O-O 11.
Bf4 e5 12. Bg5 Nbd7 13. O-O h6 14. Bh4 g5 15. Bf2 Nb6 16. Rb1 Na4 17. Qd2 Be6 18. Rb4 Nc5 19. h4 Nh7 20. hxg5 hxg5 21. Rd1 Rfd8 22.
Be3 f6 23. Rbb1 Rab8 24. Nb4 Nf8 25. Qe1 Qf7 26. Bxc5 dxc5 27. Nd5 Ng6 28. Rb6 Nf4 29.
Bf1 Rbc8 30. g3 Ng6 31. Qe3 Rc6 32. Rdb1 Rd7 33. a4 Kg7 34. a5 Rdc7 35. Nxc7 Rxc7 36. Rd6 Bxc4 37. Rbb6 Bxf1 38. Rxf6 Qxf6 39. Rxf6 Kxf6 40. Kxf1 Nf8 41. Qd2 Rd7 42. Qh2 Rh7 43. Qb2 Ne6 44. Qb6 Rd7 45. Ke2 Ke7 46. Ke3 Kf6 47. Kf2 Rd2+ 48.
Kg1 Rd7 49. Kg2 Rd2+ 50. Kh3 Rd7 51. Kg4 c4 52. Qb4 Rc7 53. Qb6 Rd7 54. Qb1 Rh7 55.
Qf1 Rc7 56. Qh1 Rg7 57. Qh8 Kg6 58. Qc8 Re7 59. Qxc4 Nf8 60. Qg8+ 1-0

[Event "*** Titled Tuesday Blitz"]
[Site "Chess.com"]
[Date "2020.01.07"]
[Round "7"]
[White "vova-79"]
[Black "VeraNebolsina"]
[Result "0-1"]
[WhiteElo "2526"]
[BlackElo "2370"]
[TimeControl "180+2"]
[EndTime "14:37:39 PST"]
[Termination "VeraNebolsina won by resignation"]

1. d4 Nf6 2. c4 g6 3. Nc3 Bg7 4. e4 d6 5. f4 O-O 6. Nf3 c5 7.
d5 e6 8. Be2 exd5 9. cxd5 Re8 10. Nd2 b5 11. Bxb5 Bd7 12. Be2 h5 13. h3 a5 14. O-O Na6 15. Bf3 Ng4 16. Nc4 Bd4+ 17.
Kh1 Qf6 18. e5 dxe5 19. fxe5 Nxe5 20. Ne4 Qg7 21. Ncd6 Nxf3 22. Qxf3 Rf8 23. Bg5 f5 24. Nc3 f4 25. Rae1 Bf6 26. Bxf6 Qxf6 27. Nce4 Qh4 28.
b3 Bg4 29. Qc3 Nb4 30. a3 Nxd5 31. Qe5 Bxh3 32. gxh3 Qxh3+ 33. Kg1 Qg4+ 34. Kh2 Qh4+ 35. Kg1 Qg4+ 36. Kf2 Qh4+ 37. Ke2 f3+ 38. Kd1 Nf4 39. Rxf3 Qg4 40. Rf1 Rad8 41. Nf6+ Rxf6 42. Qxf6 Rf8 43. Qe6+ Qxe6 0-1

[Event "*** Titled Tuesday Blitz"]
[Site "Chess.com"]
[Date "2020.01.07"]
[Round "7"]
[White "Firouzja2003"]
[Black "temus_galaktionov"]
[Result "1-0"]
[WhiteElo "3051"]
[BlackElo "2747"]
[TimeControl "180+2"]
[EndTime "14:37:42 PST"]
[Termination "Firouzja2003 won by resignation"]

1. d4 c6 2. c4 g6 3. Nf3 Bg7 4. Nc3 d6 5. e4 Nd7 6. Be2 e5 7. O-O Ngf6 8. Qc2 O-O 9. Rd1 Qe7 10. d5 c5 11. Ne1 Ne8 12. Nd3 f5 13. f3 f4 14. a3 g5 15. b4 b6 16. Rb1 Ndf6 17.
h3 h5 18. Nf2 Qf7 19. Qd3 Qg6 20. Kf1 g4 21. hxg4 hxg4 22. fxg4 Nxg4 23. Bxg4 Bxg4 24. Nxg4 Qxg4 25. Qf3 Qg6 26. Ke2 cxb4 27. axb4 Rc8 28. Kd3 Nf6 29. Ra1 Rf7 30. Nb5 Nh7 31.
Re1 Ra8 32. Bd2 a6 33. Ra2 Bf8 34. Nc3 Rc7 35. b5 a5 36. Na4 Rb7 37. Re2 Be7 38.
Be1 Rf8 39. Bf2 Bd8 40. Ra1 Rff7 41. Rh1 Rg7 42. Be1 Rbf7 43. Qh3 Qg4 44. Qxg4 Rxg4 45.
Bf2 Rb7 46. Rh6 Ng5 47. Rxd6 Nf7 48. Rxd8+ Nxd8 49. Bxb6 Rg3+ 50. Kc2 Nf7 51. c5 Rb8 52. Nc3 Kf8 53. Rd2 Ke8 54. d6 Rb7 55. Nd5 a4 56. c6 Nxd6 57. cxb7 Nxb7 58. Bc7 Nc5 59. Bxe5 Nxe4 60.
Re2 Ra3 61. Rxe4 Ra2+ 62. Bb2+ 1-0

[Event "*** Titled Tuesday Blitz"]
[Site "Chess.com"]
[Date "2020.01.07"]
[Round "7"]
[White "Lifeek"]
[Black "dragos420"]
[Result "1-0"]
[WhiteElo "2261"]
[BlackElo "2418"]
[TimeControl "180+2"]
[EndTime "14:37:43 PST"]
[Termination "Lifeek won on time"]

1. e4 e5 2. Nf3 Nc6 3. Bc4 Nf6 4. d3 h6 5. c3 d6 6. h3 g5 7. d4 Qe7 8. dxe5 Nxe5 9. Nxe5 Qxe5 10. f3 d5 11. Bb3 Qg3+ 12. Kf1 Bc5 13. Qe2 dxe4 14. Be3 Bxe3 15. Qxe3 O-O 16. Nd2 exf3 17. Nxf3 Bd7 18. Qe5 Qxe5 19. Nxe5 Rae8 20. Re1 Kg7 21. Kf2 Be6 22.
Re3 Bxb3 23. axb3 Nd5 24. Ree1 Re6 25. Nd3 Rfe8 26. Rxe6 Rxe6 27. Ra1 a6 28. Nc5 Rf6+ 29. Kg1 Rb6 30. b4 Nf4 31. Rd1 Ne6 32. Nd7 Rb5 33. Nb8 a5 34. bxa5 Rxb2 35. a6 bxa6 36. Nxa6 Rc2 37. Rd3 c5 38. Re3 c4 39. Nb4 Rc1+ 40.
Kf2 Nf4 41. h4 Kf6 42. hxg5+ hxg5 43. g3 Ne6 44. Re4 Kf5 45. Rxc4 Rb1 46. g4+ Ke5 47.
Nd3+ Kd5 48. Rb4 Rd1 49. Ke2 Rg1 50. Rb5+ Kc4 51. Rb7 Rg2+ 52. Ke3 Rg3+ 53. Ke2 1-0

[Event "*** Titled Tuesday Blitz"]
[Site "Chess.com"]
[Date "2020.01.07"]
[Round "7"]
[White "norwaytoadog"]
[Black "AlexandraBotez"]
[Result "1-0"]
[WhiteElo "2326"]
[BlackElo "2123"]
[TimeControl "180+2"]
[EndTime "14:37:44 PST"]
[Termination "norwaytoadog won by checkmate"]

1. e4 e6 2. d4 d5 3. Nc3 Nf6 4.
e5 Nfd7 5. f4 c5 6. Nf3 Nc6 7. Be3 a6 8. Be2 b5 9. O-O Qb6 10. a4 b4 11. a5 Qa7 12. Na4 c4 13. f5 Ndxe5 14. Qd2 Ng4 15. Nb6 Bd6 16. Nxa8 Qxa8 17. Bf4 Bxf4 18. Qxf4 exf5 19. Qd6 Be6 20.
Rae1 Nf6 21. Bxc4 Ne4 22. Qc7 dxc4 23. d5 Bxd5 24. Ng5 Qa7+ 25. Qxa7 Nxa7 26. Rxf5 O-O 27. Nxe4 Be6 28. Rc5 h6 29. Rc7 Nb5 30. Rc6 Nd4 31.
Rxa6 Nxc2 32. Nc5 c3 33. Rb1 Bf5 34. bxc3 bxc3 35. Rc1 Nb4 36. Rb6 Na2 37. Rf1 c2 38. Nb3 Bd3 39. Rf3 Re8 40. Rxd3 Re1+ 41. Kf2 c1=Q 42.
Nxc1 Rxc1 43. Rd8+ Kh7 44. a6 Nc3 45. a7 Ne4+ 46.
Ke3 Re1+ 47. Kf4 g5+ 48. Kf5 Nd6+ 49. Rbxd6 Ra1 50. a8=Q Rxa8 51. Rxa8 Kg7 52. Rd7 h5 53. Raa7 Kh6 54. Rxf7 h4 55. Rh7# 1-0

[Event "*** Titled Tuesday Blitz"]
[Site "Chess.com"]
[Date "2020.01.07"]
[Round "7"]
[White "GMKrikor"]
[Black "Squirlolz"]
[Result "1-0"]
[WhiteElo "2864"]
[BlackElo "2644"]
[TimeControl "180+2"]
[EndTime "14:37:45 PST"]
[Termination "GMKrikor won by checkmate"]

1. Nf3 c5 2. c4 Nc6 3. Nc3 g6 4. g3 Bg7 5. Bg2 e6 6. O-O Nge7 7. d4 cxd4 8. Nb5 O-O 9. Nfxd4 Nxd4 10. Nxd4 d5 11.
cxd5 Nxd5 12. e4 Nb6 13. Nb5 Bd7 14. Qb3 Qe7 15. Bd2 Bc6 16. Bb4 Qg5 17. Bxf8 Rxf8 18. Nxa7 Qa5 19. Nxc6 bxc6 20. Qc2 c5 21. a3 Na4 22.
Rab1 Rb8 23. b4 cxb4 24. axb4 Rxb4 25. Rxb4 Qxb4 26. h4 Nc3 27. Kh2 h5 28. Qd3 Qe7 29. f4 Na4 30. e5 Nc5 31. Qc4 Nd7 32. Rd1 Nf8 33. Qc8 Qa3 34. Rd8 Bh6 35. Qb7 Bg7 36.
Rc8 Qa2 37. Rc7 Qf2 38. Rxf7 Bh6 39. Rf6 Bg7 40. Qf7+ Kh8 41. Rxg6 Nxg6 42. Qxg6 Qe2 43. Qxe6 Kh7 44. Qf5+ Kh8 45. Kh3 Kg8 46. Qe4 Qd1 47. Qf3 Qe1 48. Qxh5 Bf8 49. Qg4+ Kh8 50. Qf3 Bc5 51.
Qe4 Qc3 52. f5 Bf2 53. Qf4 Bd4 54. Qh6+ Kg8 55. Bd5# 1-0

[Event "*** Titled Tuesday Blitz"]
[Site "Chess.com"]
[Date "2020.01.07"]
[Round "7"]
[White "FairChess_on_YouTube"]
[Black "TheBigBoss04"]
[Result "1-0"]
[WhiteElo "2991"]
[BlackElo "2728"]
[TimeControl "180+2"]
[EndTime "14:37:47 PST"]
[Termination "FairChess_on_YouTube won by checkmate"]

1. e4 g6 2. d4 Bg7 3. Nf3 d6 4. Bc4 a6 5. O-O e6 6. c3 b6 7. Re1 Bb7 8. Nbd2 Nd7 9. Nf1 Ne7 10. Ng3 h6 11. a4 O-O 12. Bd3 c5 13. Bf4 e5 14. dxe5 Nxe5 15. Nxe5 dxe5 16. Be3 Qc7 17. Bc4 Kh7 18. Qc2 Rad8 19. f3 h5 20. Qe2 Qc8 21. Rad1 h4 22. Bg5 f6 23. Bxh4 g5 24. f4 gxh4 25.
Qh5+ Bh6 26. Rxd8 Qxd8 27. Rd1 Qc7 28. Nf5 Nxf5 29. Qxf5+ Kh8 30. Rd7 Qxd7 31. Qxd7 Bxe4 32. Qe7 Bg6 33. fxe5 fxe5 34. Qxh4 Kg7 35. Qe7+ Kh8 36.
Qxe5+ Bg7 37. Qe6 Kh7 38. Qh3+ Bh6 39. Bd3 Bxd3 40. Qxd3+ Kg7 41. g3 a5 42. Kg2 Rf6 43.
h4 Bc1 44. b3 Re6 45. Kh3 Be3 46. Kg4 Rg6+ 47. Kf3 Bh6 48. Qd7+ Kg8 49. Qe8+ Kh7 50. g4 Rf6+ 51. Kg2 Bg7 52. g5 Rf4 53. Kg3 Rf1 54.
Qe4+ Kh8 55. Qa8+ Kh7 56. Qe4+ Kh8 57. h5 Rg1+ 58. Kh4 Rc1 59. Qe8+ Kh7 60. g6+ Kh6 61. Qe3# 1-0

[Event "*** Titled Tuesday Blitz"]
[Site "Chess.com"]
[Date "2020.01.07"]
[Round "7"]
[White "SavelijTartakover"]
[Black "KRASAVCHIK2002"]
[Result "0-1"]
[WhiteElo "2697"]
[BlackElo "2501"]
[TimeControl "180+2"]
[EndTime "14:37:49 PST"]
[Termination "KRASAVCHIK2002 won by resignation"]

1. d4 Nf6 2. Nf3 g6 3. c4 Bg7 4. Nc3 d5 5. cxd5 Nxd5 6. Bd2 Nb6 7. Bg5 h6 8. Bh4 O-O 9. e3 N8d7 10. Rc1 Nf6 11.
Be2 c6 12. O-O Bf5 13. Ne5 Rc8 14. Bf3 Nbd7 15. Bg3 Nxe5 16. Bxe5 Be6 17. Qa4 Qb6 18. Qa3 Rfe8 19. Rfe1 Nd5 20. Bxg7 Kxg7 21. Na4 Qa5 22. Nc5 Qxa3 23. bxa3 Rc7 24. Nxe6+ fxe6 25. Rc5 b6 26. Rc4 c5 27. Rec1 Rec8 28. Kf1 Kf6 29. g3 g5 30. Kg2 g4 31. Bxg4 cxd4 32. Rxc7 Rxc7 33. Rxc7 Nxc7 34. exd4 Nb5 35. Kf3 Nxd4+ 36. Ke3 Nc2+ 37. Ke4 Nxa3 38. Be2 Nc2 39. f4 Nb4 40. a4 Nd5 41. Kd4 Nc7 42. Bf3 Na6 43. Kc4 Nc5 44. a5 e5 45. fxe5+ Kxe5 46. h4 Ne4 47. axb6 axb6 48.
Kb5 Nxg3 49. Kxb6 Kf4 50. Bd1 e5 51. Kc5 e4 52. Kd5 e3 53. Ke6 e2 54. Bxe2 Nxe2 55.
Kf6 h5 0-1